 Dungeon Crawl Stone Soup version 0.20.1-1-g8b1a95d (webtiles) character file.

3938 Linguinho the Covert (level 10, -1/67 HPs)
             Began as a Demonspawn Assassin on Oct 29, 2017.
             Was an Initiate of Ashenzari.
             Slain by an ogre
             ... wielding a +0 giant club
              (15 damage)
             ... on level 6 of the Dungeon.
             The game lasted 00:33:50 (9064 turns).

Linguinho the Covert (Demonspawn Assassin)          Turns: 9064, Time: 00:33:51

Health: -1/67      AC: 21    Str: 15    XL:     10   Next: 1%
Magic:  10/10      EV:  9    Int: 13    God:    Ashenzari [......]
Gold:   585        SH:  0    Dex: 21    Spells: 9/9 levels left

rFire    . . .     SeeInvis .   E - +2 dagger (venom)
rCold    . . .     Gourm    .   (no shield)
rNeg     . . .     Faith    .   H - +4 chain mail of Shadows and Fog {-Cast Str+4 Dex+3}
rPois    .         Spirit   .   q - +0 helmet (curse)
rElec    +         Reflect  .   u - +1 cloak {MR+}
rCorr    .         Harm     .   t - +0 pair of gloves
MR       +....     Rnd*Tele +   (no boots) Stlth ++........NoCast +
                                l - amulet of magic regeneration
Regen    0.3/turn               j - ring of teleportation (curse)
MPRegen  0.2/turn               (no ring)

@: drained
A: thin metallic scales 3, spiny 1, rot immunity
a: Curse Item, Renounce Religion


You were on level 6 of the Dungeon.
You worshipped Ashenzari.
Ashenzari was noncommittal.
You were very hungry.

You visited 2 branches of the dungeon, and saw 9 of its levels.

You collected 585 gold pieces.

Inventory:

Hand Weapons
 b - a +0 blowgun
 E - a +2 dagger of venom (weapon)
 N - a cursed +0 falchion
Missiles
 e - 24 poisoned needles
 f - 2 curare-tipped needles
 v - 10 javelins (quivered)
Armour
 a - the +2 ring mail of Limited Liability {rCorr}
   (You found it on level 5 of the Dungeon)

   It protects you from acid and corrosion.
 q - a cursed +0 helmet (worn)
 t - a +0 pair of gloves (worn)
 u - a +1 cloak of magic resistance (worn)
 w - a +0 leather armour
 H - the +4 chain mail of Shadows and Fog (worn) {-Cast Str+4 Dex+3}
   (You found it on level 6 of the Dungeon)

   It affects your strength (+4).
   It affects your dexterity (+3).
   It prevents spellcasting.
 K - a cursed -1 leather armour
 M - a cursed -1 robe
Jewellery
 j - a cursed ring of teleportation (left hand)
 l - an amulet of magic regeneration (around neck)
 r - an uncursed amulet of rage
 y - an uncursed ring of wizardry
Wands
 i - a wand of disintegration (14/24)
 F - a wand of paralysis (8/24)
Scrolls
 k - a scroll of fear
 n - a scroll of fog
 p - a scroll of identify
 D - a scroll of enchant armour
Potions
 d - 2 potions of heal wounds
 h - 2 potions of flight
 m - 3 potions of berserk rage
 o - 2 potions of brilliance
 x - 2 potions of magic
 z - 4 potions of agility
 A - 2 potions of haste
 C - a potion of resistance {unknown}
 G - a potion of invisibility {unknown}
 J - a potion of degeneration {unknown}
 L - a potion of curing
Books
 I - a book of Power

   Spells                             Type                      Level
   a - Iskenderun's Battlesphere      Conjuration/Charms           5
   b - Venom Bolt                     Conjuration/Poison           5
   c - Bolt of Magma                  Conjuration/Fire/Earth       5
   d - Iron Shot                      Conjuration/Earth            6
   e - Orb of Destruction             Conjuration                  7
   f - Spellforged Servitor           Conjuration/Summoning        7
Comestibles
 c - a meat ration
 g - 5 bread rations
 s - 3 royal jellies
 B - 6 fruits


   Skills:
 - Level 2.0(1.5) Fighting
 + Level 7.1(6.6) Short Blades
 - Level 1.7(1.3) Throwing
 + Level 3.7(3.2) Armour
 + Level 6.1(5.7) Dodging
 * Level 10.0(9.5) Stealth
 - Level 0.2(0.0) Evocations


You had 9 spell levels left.
You didn't know any spells.

Dungeon Overview and Level Annotations

Branches:
Dungeon (8/15)             Temple (1/1) D:6
   Lair: D:8-11

Altars:
Ashenzari
Dithmenos
Elyvilon
Fedhas
Gozag
Hepliaklqana
Makhleb
Okawaru
Qazlal
Ru
Sif Muna
Trog
Uskayaw
Vehumet
Xom
Zin
Jiyva

Shops:
D:6 :


Innate Abilities, Weirdness & Mutations

You are completely covered in thin metallic scales. (AC +4, rElec)
You are partially covered in sharp spines.
You are immune to rotting.


Message History

The ogre shouts!
You barely miss the ogre. You hit the ogre.
The ogre is poisoned.
The ogre is lightly wounded.
The ogre hits you with a giant club.
You hit the ogre.
The ogre looks as sick as possible!
The ogre is moderately wounded.
The ogre hits you with a giant club.
You hit the ogre.
The ogre looks as sick as possible!
The ogre is heavily wounded.
You hit the ogre but do no damage.
The ogre looks as sick as possible!
The ogre is heavily wounded.
The ogre hits you with a giant club!
* * * LOW HITPOINT WARNING * * *
You hit the ogre.
The ogre is severely wounded.
You hit the ogre.
The ogre looks as sick as possible!
The ogre is severely wounded.
The ogre is struck by your spines. The ogre hits you with a giant club!
You die...

##..###..################# ####
.#..###..#.........#..##.## #...
.#....#..#.........#......# #...
.#....#..#.).......#......# #...
.#....#..#.........#......# #...
.#....#..#.........'......# #...
.#....'..#.........#......# #...
.###'#####.........#####'#####>..
...........#'###@..[.......#.####
...........[...'O..........#.....
...........#...#...........+.....
.).........#..##...........##'###
#[###....###..####'####'##.......
....#....#...............#.......
....#....#...............'..)....
....#....#...............#.......
.#..#....#....###..####..#.......


You could see an ogre.

Vanquished Creatures
  Pikel (D:6)
  A cyclops (D:5)
  Grinder (D:4)
  Prince Ribbit (D:5)
  A yak (D:5)
  A wyvern (D:5)
  Edmund (D:5)
  2 sky beasts
  A slave (D:6)
  An orc warrior (D:7)
  A phantom (D:3)
  3 ogres
  2 centaurs (D:6)
  Blork the orc (D:6)
  2 big kobolds (D:6)
  2 bullfrogs (D:6)
  A scorpion (D:5)
  A killer bee (D:5)
  4 wights (D:6)
  A howler monkey (D:4)
  A crimson imp (D:5)
  A bullfrog zombie (D:5)
  A quasit (D:7)
  5 hounds
  A jelly (D:7)
  4 orc wizards
  6 orc priests
  Crazy Yiuf (D:2)
  A bullfrog skeleton (D:5)
  2 iguanas
  2 worker ants
  A hound skeleton (D:7)
  12 gnolls (D:6)
  5 adders
  A shadow imp (D:6)
  4 worms
  3 dart slugs
  3 leopard geckos
  9 orcs
  2 ball pythons
  5 bats
  3 giant cockroaches
  4 goblins
  11 hobgoblins
  14 jackals
  A quokka (D:3)
  2 frilled lizards (D:1)
  15 kobolds
  2 quokka skeletons
  7 rats
  2 fungi (D:2)
160 creatures vanquished.

Vanquished Creatures (others)
  2 slaves (D:6)
  A crimson imp (D:6)
  A centaur skeleton (D:6)
  A hound skeleton (D:6)
  An adder (D:6)
  7 plants (D:6)
13 creatures vanquished.

Grand Total: 173 creatures vanquished

Notes
Turn   | Place    | Note
-------+----------+-------------------------------------------
     0 | D:1      | Linguinho the Demonspawn Assassin began the quest for the Orb.
     0 | D:1      | Reached XP level 1. HP: 16/16 MP: 1/1
   321 | D:1      | Reached skill level 4 in Stealth
   327 | D:1      | Gained mutation: You are partially covered in thin metallic scales. (AC +2) [demonic ancestry]
   327 | D:1      | Reached XP level 2. HP: 22/22 MP: 2/2
   987 | D:1      | Reached skill level 1 in Dodging
  1264 | D:2      | Gained mutation: You are mostly covered in thin metallic scales. (AC +3) [demonic ancestry]
  1264 | D:2      | Reached XP level 3. HP: 10/27 MP: 3/3
  1868 | D:2      | Found a burning altar of Makhleb.
  2234 | D:2      | Found a runed door.
  2239 | D:2      | Noticed Crazy Yiuf
  2243 | D:2      | Killed Crazy Yiuf
  2243 | D:2      | Gained mutation: You are partially covered in sharp spines. [demonic ancestry]
  2243 | D:2      | Reached XP level 4. HP: 33/33 MP: 4/4
  2288 | D:2      | Reached skill level 5 in Stealth
  2344 | D:3      | Found an opulent altar of Gozag.
  2378 | D:3      | Found a white marble altar of Elyvilon.
  2774 | D:3      | Found a hide-covered altar of Uskayaw.
  2908 | D:3      | Found a sacrificial altar of Ru.
  3066 | D:3      | Found a stormy altar of Qazlal.
  3117 | D:4      | Noticed a phantom
  3155 | D:3      | Killed a phantom
  3155 | D:3      | Gained mutation: You are completely covered in thin metallic scales. (AC +4, rElec) [demonic ancestry]
  3155 | D:3      | Reached XP level 5. HP: 8/38 MP: 5/5
  3702 | D:4      | Reached XP level 6. HP: 38/44 MP: 6/6
  3845 | D:4      | Found a hazy altar of Hepliaklqana.
  3868 | D:4      | Reached skill level 6 in Stealth
  4027 | D:4      | Found a bloodstained altar of Trog.
  4079 | D:4      | Noticed Grinder
  4085 | D:4      | Killed Grinder
  4085 | D:4      | Reached XP level 7. HP: 40/50 MP: 7/7
  4295 | D:5      | Entered Level 5 of the Dungeon
  4340 | D:5      | Found a deep blue altar of Sif Muna.
  4340 | D:5      | Noticed a yak
  4343 | D:5      | Found a transporter.
  4351 | D:5      | Found a transporter.
  4357 | D:5      | Noticed a cyclops
  4677 | D:5      | Noticed a wyvern
  4683 | D:5      | Killed a wyvern
  4683 | D:5      | Reached skill level 7 in Stealth
  4931 | D:5      | Noticed Edmund
  4932 | D:5      | Killed Edmund
  5006 | D:5      | Gained mutation: You are immune to rotting. [demonic ancestry]
  5006 | D:5      | Reached XP level 8. HP: 47/56 MP: 8/8
  5482 | D:5      | Noticed Prince Ribbit
  5493 | D:5      | Killed Prince Ribbit
  5493 | D:5      | Reached skill level 5 in Short Blades
  5699 | D:5      | Reached skill level 8 in Stealth
  5991 | D:5      | Got a citrine-encrusted ring mail
  6654 | D:5      | Killed a cyclops
  6654 | D:5      | Reached skill level 1 in Armour
  6745 | D:6      | Noticed Pikel
  6771 | D:6      | Killed Pikel
  6771 | D:6      | Reached skill level 5 in Dodging
  6771 | D:6      | Reached skill level 9 in Stealth
  6771 | D:6      | Reached XP level 9. HP: 38/61 MP: 9/9
  6787 | D:6      | Found a shimmering altar of Xom.
  6803 | D:6      | Found Nyclois's Book Emporium.
  7463 | D:6      | Noticed Blork the orc
  7474 | D:6      | Killed Blork the orc
  7620 | D:6      | Found a staircase to the Ecumenical Temple.
  7628 | Temple   | Entered the Ecumenical Temple
  7669 | Temple   | Became a worshipper of Ashenzari the Shackled
  8254 | D:6      | Got the uncursed chain mail of Shadows and Fog {-Cast Str+4 Dex+3}
  8267 | D:6      | Identified the +2 ring mail of Limited Liability {rCorr} (You found it on level 5 of the Dungeon)
  8277 | D:6      | Identified the +4 chain mail of Shadows and Fog {-Cast Str+4 Dex+3} (You found it on level 6 of the Dungeon)
  8471 | D:7      | Reached skill level 10 in Stealth
  8826 | D:7      | HP: 3/61 [centaur/arrow (3)]
  8998 | D:6      | Reached XP level 10. HP: 29/67 MP: 10/10
  9064 | D:6      | Slain by an ogre

Skill      XL: |  1  2  3  4  5  6  7  8  9 |
---------------+----------------------------+-----
Stealth        | 4 5 6 7 9 10 | 10.0
Short Blades   | 2 3 4 6 7 |  7.1
Dodging        | 1 2 3 5 6 |  6.1
Armour         | 2 3 |  3.7
Fighting       | |  2.0
Throwing       | |  1.7
Evocations     | |  0.2

Action                   |  1- 3 |  4- 6 |  7- 9 | 10-12 || total
-------------------------+-------+-------+-------+-------++-------
Melee: Dagger            |   208 |    87 |   357 |    22 ||   674
       Hand axe          |    41 |       |       |       ||    41
Throw: Javelin           |       |    19 |     9 |       ||    28
 Abil: Evoke Berserk Rag |       |     1 |       |       ||     1
  Use: Potion            |       |     1 |     3 |       ||     4
       Scroll            |       |       |    19 |       ||    19
 Stab: Sleeping          |    12 |     4 |     3 |       ||    19
       Distracted        |       |       |     2 |       ||     2
  Eat: Chunk             |     3 |     5 |     9 |       ||    17
       Bread ration      |       |     1 |     1 |       ||     2
Armor: Robe              |    69 |    29 |    16 |       ||   114
       Skin              |       |     6 |       |       ||     6
       Leather armour    |       |       |    47 |       ||    47
       Chain mail        |       |       |    59 |     2 ||    61
Dodge: Dodged            |    89 |    36 |   217 |     5 ||   347
